 Dungeon Crawl Stone Soup version 0.31.0-32-g396128a36d (webtiles) character file.

Game seed: 2065850272583070080

49 PaiMei the Grave Robber (level 3, 0/26 HPs)
             Began as a Demonspawn Necromancer on Apr 10, 2024.
             Incinerated by a bombardier beetle (4 damage)
             ... with a burning spray
             ... on level 2 of the Dungeon.
             The game lasted 00:01:59 (1671 turns).

PaiMei the Grave Robber (Demonspawn Necromancer)    Turns: 1671, Time: 00:01:59

Health: 0/26       AC:  2    Str:  8    XL:     3   Next: 53%
Magic:  0/6        EV: 12    Int: 17    God:
Gold:   53         SH:  0    Dex: 13    Spells: 6/7 levels left

rFire   . . .        c - +0 spear
rCold   . . .        (no shield)
rNeg    . . .        a - +0 robe
rPois   .            (no helmet)
rElec   .            (no cloak)
rCorr   .            (no gloves)
SInv    .            (no boots)
Will    .....        (no amulet)
Stlth   +            (no ring)
HPRegen 0.24/turn    (no ring)
MPRegen 0.10/turn

%: no passive effects
@: on fire, glowing
A: claws 1
a: no special abilities


You were on level 2 of the Dungeon.
You visited 1 branch of the dungeon, and saw 2 of its levels.

You collected 53 gold pieces.

Inventory:

Hand Weapons
 c - a +0 spear (weapon)
Armour
 a - a +0 robe (worn)
Jewellery
 j - a ring of willpower
Scrolls
 d - a scroll of noise {unknown}
 e - a scroll of teleportation {unknown}
 h - a scroll of fear {unknown}
Potions
 b - a potion of magic
 f - a potion of degeneration {unknown}
 g - a potion of might {unknown}
 i - a potion of curing {unknown}


   Skills:
 + Level 1.1 Fighting
 + Level 2.3 Dodging
 - Level 2.0 Stealth
 + Level 2.5 Spellcasting
 + Level 4.8 Necromancy


You had 6 spell levels left.
You knew the following spells:

 Your Spells              Type           Power      Damage    Failure   Level
a - Necrotise             Necr           72%        1d7       2%          1

Your spell library contained the following spells:

 Spells                   Type           Power      Damage    Failure   Level
 Vampiric Draining        Necr           18%        2d7       8%          3
 Animate Dead             Necr           18%        N/A       26%         4
 Curse of Agony           Necr           18%        N/A       56%         5


Dungeon Overview and Level Annotations

Branches:
Dungeon (2/15)

Altars:

Shops:
D:2 *


Innate Abilities, Weirdness & Mutations

You have sharp fingernails.


Message History

You are covered in liquid fire!
Casting: Necrotise (safe; 2% risk of failure)
Confirm with . or Enter, or press ? or * to list all spells.
Aiming: Necrotise (safe; 2% risk of failure)
Press: ? - help, Shift-Dir - straight line, f/p - bombardier beetle
Aim: a bombardier beetle (moderately wounded, chance to affect: 76%)
The bombardier beetle barely resists.
The liquid fire burns you!
Casting: Necrotise (safe; 2% risk of failure)
Confirm with . or Enter, or press ? or * to list all spells.
Aiming: Necrotise (safe; 2% risk of failure)
Press: ? - help, Shift-Dir - straight line, f/p - bombardier beetle
Aim: a bombardier beetle (moderately wounded, chance to affect: 76%)
The bombardier beetle barely resists.
The liquid fire burns you!
Casting: Necrotise (safe; 2% risk of failure)
Confirm with . or Enter, or press ? or * to list all spells.
Aiming: Necrotise (safe; 2% risk of failure)
Press: ? - help, Shift-Dir - straight line, f/p - bombardier beetle
Aim: a bombardier beetle (moderately wounded, chance to affect: 76%)
The bombardier beetle barely resists.
The liquid fire burns you!
Casting: Necrotise (safe; 2% risk of failure)
Confirm with . or Enter, or press ? or * to list all spells.
You don't have enough magic to cast this spell.
Casting: Necrotise (safe; 2% risk of failure)
Confirm with . or Enter, or press ? or * to list all spells.
You don't have enough magic to cast this spell.
You shake off some of the fire as you move.
The liquid fire burns you!
* * * LOW HITPOINT WARNING * * *
The bombardier beetle sprays incendiary fluid at you.
The burning spray hits you.
You are even more covered in liquid fire!
You shake off some of the fire as you move.
The liquid fire burns you!
* * * LOW HITPOINT WARNING * * *
You shake off some of the fire as you move.
The liquid fire burns you!
You die...

#....# ######
#.#####..### #....#
#.#......... #....#
#.......#.## #....#
###..<#...# ##.###
#########.#### #.#
#............. #.#
#.#######.###. #.#
########.# #.# #.
#.# #...@..#.# #.#
#.
#.#########.####B#.#
#.###.
#.##........#....#.#
#.....
#.##.#####..#.####.#
###### #....#
#..%....B.# ######
#....###### ######


You could see a bombardier beetle.

Vanquished Creatures
  A gnoll (D:1)
  A dart slug (D:1)
  6 bats
  3 endoplasms
  A giant cockroach (D:2)
  A goblin (D:1)
  2 hobgoblins
  2 jackals (D:1)
  2 quokkas
  2 ball pythons
  2 rats
23 creatures vanquished.

Vanquished Creatures (collateral kills)
  An adder (D:2)
  A goblin (D:1)
  A jackal (D:1)
3 creatures vanquished.

Grand Total: 26 creatures vanquished

Notes
Turn   | Place    | Note
-------+----------+-------------------------------------------
     0 | D:1      | PaiMei the Demonspawn Necromancer began the quest for the
                  | Orb.
     0 | D:1      | Reached XP level 1. HP: 13/13 MP: 3/3
   248 | D:1      | Gained mutation: You have sharp fingernails. [demonic
                  | ancestry]
   248 | D:1      | Reached XP level 2. HP: 18/19 MP: 0/5
   822 | D:1      | Reached XP level 3. HP: 25/25 MP: 2/6
   972 | D:2      | Found Vothouci's General Store.
  1171 | D:2      | Reached skill level 1 in Fighting
  1596 | D:2      | Found a faded altar of an unknown god.
  1671 | D:2      | Incinerated by a bombardier beetle

Illustrated notes

Levels and vault maps discovered:
D:1:      amcnicky_arrival_abandoned_market, layout_rooms, feat_on_display
D:2:      layout_basic, hellmonk_ecumenical_altar_arch_garden, serial_shops,
          nicolae_shop_peninsula

Skill      XL: |  1  2  3 |
---------------+----------+-----
Dodging        | 2 |  2.3
Stealth        | 2 |  2.0
Fighting       | 1 |  1.1
Spellcasting   | |  2.5
Necromancy     | |  4.8

Action                     || total
---------------------------++-------
  Melee: Spear             ||    10
   Cast: Necrotise         ||    55
 Armour: Robe              ||    32
  Dodge: Dodged            ||    26
